 Seeded DCSS version 0.28.0-45-g0d030f2227 (webtiles) character file.

Game seed: 9691703074337450021 (custom seed)

3081 croobank the Fighter (level 9, -1/99 HPs)
             Began as a Minotaur Fighter on Apr 16, 2022.
             Was a Follower of Trog.
             Slain by a troll (4 damage)
             ... on level 8 of the Dungeon.
             The game lasted 00:18:43 (5899 turns).

croobank the Fighter (Minotaur Fighter)             Turns: 5899, Time: 00:18:44

Health: -1/99      AC: 12    Str: 25    XL:     9   Next: 58%
Magic:  8/8        EV:  7    Int:  5    God:    Trog [*.....]
Gold:   285        SH:  4    Dex: 10    Spells: 8/8 levels left

rFire   . . .      SeeInvis .   a - +0 war axe (flame)
rCold   . . .      Faith    .   c - +0 buckler
rNeg    . . .      Spirit   .   e - +0 chain mail
rPois   .          Reflect  .   (helmet restricted)
rElec   .          Harm     .   (no cloak)
rCorr   .          Rampage  .   t - +0 pair of gloves
Will    .....                   (no boots)
Stlth   ..........              (no amulet)
HPRegen 0.26/turn               (no ring)
MPRegen 0.11/turn               (no ring)

@: on berserk cooldown, hasted, invisible, very quick
A: horns 2, retaliatory headbutt, talons 1, iridescent scales 1, robust 1
a: Renounce Religion, Berserk


You were on level 8 of the Dungeon.
You worshipped Trog.
Trog was aware of your devotion.
You visited 2 branches of the dungeon, and saw 10 of its levels.

You collected 285 gold pieces.

Inventory:

Hand Weapons
 a - a +0 war axe of flaming (weapon)
 b - a +0 hunting sling
 d - a +2 flail of draining
 g - a +2 vorpal war axe
Missiles
 j - 97 bolts
 k - 170 stones (quivered)
 l - 18 sling bullets
 s - a boomerang
 v - 92 arrows
Armour
 c - a +0 buckler (worn)
 e - a +0 chain mail (worn)
 p - a +0 scale mail
 t - a +0 pair of gloves (worn)
Scrolls
 h - a scroll of holy word {unknown}
 n - 2 scrolls of magic mapping {unknown}
 q - 3 scrolls of fear {unknown}
 r - a scroll of amnesia {unknown}
 w - a scroll of teleportation {unknown}
 x - a scroll of noise {unknown}
Potions
 o - 2 potions of mutation
 z - a potion of lignification


   Skills:
 + Level 11.9 Fighting
 + Level 11.6 Axes
 - Level 3.6 Armour
 - Level 3.6 Shields


You had 8 spell levels left.
You didn't know any spells.
Your spell library contained the following spells:

 Spells                   Type           Power      Damage    Failure   Level
 Magic Dart               Conj           0%         1d3       99%         1
 Call Imp                 Summ           0%         N/A       100%        2
 Gell's Gravitas          Tloc           0%         N/A       100%        3
 Mephitic Cloud           Conj/Pois/Air  0%         N/A       100%        3
 Teleport Other           Tloc           0%         N/A       100%        3
 Dispersal                Tloc           0%         N/A       100%        6


Dungeon Overview and Level Annotations

Branches:
Dungeon (9/15)             Temple (1/1) D:5
   Lair: D:8-11         Orc: D:9-12

Altars:
Ashenzari
Cheibriados
Gozag
Makhleb
Nemelex Xobeh
Ru
Sif Muna
Trog
Vehumet
Wu Jian
Xom
Yredelemnul
Zin
The Shining One

Shops:
D:3 *

Annotations:
D:5 2 transporters, Icepheonix32's ghost, amateur DsIE


Innate Abilities, Weirdness & Mutations

You have a pair of horns on your head.
You reflexively headbutt those who attack you in melee.
You have sharp toenails.
You are partially covered in iridescent scales. (AC +2)
You are robust. (+10% HP)


Message History

* * * LOW HITPOINT WARNING * * *
The centaur shoots an arrow.
You block the arrow.
The centaur shoots an arrow.
The arrow hits you!
* * * LOW HITPOINT WARNING * * *
The centaur shoots an arrow.
The arrow hits you.
* * * LOW HITPOINT WARNING * * *
Okay, then.
Okay, then.
Okay, then.
Okay, then.
You feel yourself speed up.
The centaur shoots an arrow.
The arrow hits you.
* * * LOW HITPOINT WARNING * * *
The centaur shoots an arrow.
The arrow hits you but does no damage.
Okay, then.
Okay, then.
The centaur shoots an arrow.
The arrow hits you but does no damage.
There is a stone staircase leading up here.
You climb upwards.
You feel yourself speed up. The wyvern zombie barely misses you.
The wyvern zombie bites you but does no damage.
The troll closely misses you. The troll completely misses you.
The troll claws you but does no damage.
There is a stone staircase leading down, spattered with blood here.
Okay, then.
It was a potion of invisibility.
You fade into invisibility!
The wyvern zombie bites you but does no damage.
The troll bites you.
* * * LOW HITPOINT WARNING * * *
The troll claws you but does no damage. The troll claws you!
* * * LOW HITPOINT WARNING * * *
It was a potion of berserk rage.
You're still recovering from your berserk rage.
The wyvern zombie barely misses you.
It was a potion of mutation.
You feel extremely strange.
Iridescent scales grow over part of your body.
Your toenails lengthen and sharpen.
You feel robust. The troll bites you.
You die...

....#P...##
#.P.....#
##......#
#..P...#
##.##..# ...
#..# ## #.###
#..# ##... #
####T.# .....
#...Z@# ...#
#.##### .###
#.# ....# #.#
.##.########.#
.....#.......#
.##..#.#######
.# #.#### .#
#....#


You could see a troll and a wyvern zombie.

Vanquished Creatures
  A hydra (D:8)
  Maggie (D:6)
  A troll (D:9)
  Grinder (D:6)
  A water moccasin (D:6)
  An orc warrior (D:6)
  2 ice beasts (D:6)
  A black bear (D:6)
  4 centaurs
  A bullfrog (D:7)
  3 scorpions
  A hound (D:6)
  An orc priest (D:5)
  3 centaur skeletons
  2 bullfrog skeletons
  4 iguanas
  5 orc wizards
  2 killer bee zombies
  A howler monkey zombie (D:8)
  7 gnolls
  A howler monkey skeleton (D:4)
  11 adders
  A shadow imp (D:7)
  2 ufetubi
  A dart slug (D:4)
  13 orcs
  5 endoplasms
  4 giant cockroaches
  7 goblins
  9 hobgoblins
  4 jackals (D:1)
  3 quokkas
  7 ball pythons
  5 bats
  2 frilled lizards
  5 kobolds
  4 rats
127 creatures vanquished.

Vanquished Creatures (others)
  4 plants
4 creatures vanquished.

Grand Total: 131 creatures vanquished

Notes
Turn   | Place    | Note
-------+----------+-------------------------------------------
     0 | D:1      | croobank the Minotaur Fighter began the quest for the Orb.
     0 | D:1      | Reached XP level 1. HP: 19/19 MP: 0/0
   199 | D:1      | Reached XP level 2. HP: 24/27 MP: 1/1
   888 | D:2      | Reached XP level 3. HP: 33/34 MP: 2/2
  1137 | D:2      | Reached XP level 4. HP: 32/41 MP: 3/3
  1140 | D:2      | Reached skill level 5 in Fighting
  1512 | D:3      | Found Bamush's Assorted Antiques.
  2293 | D:4      | Noticed a centaur
  2303 | D:4      | Killed a centaur
  2304 | D:4      | Reached skill level 5 in Axes
  2304 | D:4      | Reached XP level 5. HP: 7/50 MP: 4/4
  2758 | D:4      | Reached XP level 6. HP: 57/57 MP: 5/5
  3269 | D:5      | Entered Level 5 of the Dungeon
  3510 | D:5      | Reached XP level 7. HP: 61/66 MP: 6/6
  3532 | D:5      | Found a staircase to the Ecumenical Temple.
  3542 | Temple   | Entered the Ecumenical Temple
  3623 | Temple   | Became a worshipper of Trog the Wrathful
  3675 | D:5      | Found a transporter.
  3700 | D:5      | Found a transporter.
  3703 | D:5      | Noticed Icepheonix32's ghost (amateur DsIE)
  3726 | D:5      | Identified the +0 leather armour of True Grit {rF+ rC+
                  | Int-5}
  3905 | D:6      | Noticed Grinder
  3916 | D:6      | Killed Grinder
  4007 | D:6      | Reached XP level 8. HP: 63/75 MP: 7/7
  4383 | D:6      | Noticed Maggie
  4397 | D:6      | Killed Maggie
  4574 | D:6      | Found an opulent altar of Gozag.
  4685 | D:6      | Reached skill level 10 in Fighting
  4696 | D:6      | Reached * piety under Trog
  4861 | D:6      | Reached skill level 10 in Axes
  5256 | D:7      | Reached XP level 9. HP: 86/86 MP: 8/8
  5862 | D:8      | Noticed a five-headed hydra
  5869 | D:8      | Killed a three-headed hydra
  5871 | D:8      | Found the +1 robe of Vines {NoPotionHeal Regen++++}
  5873 | D:8      | Noticed a troll
  5873 | D:8      | Noticed a troll
  5886 | D:9      | Killed a troll
  5897 | D:8      | HP: 3/90 [troll (11)]
  5899 | D:8      | Gained mutation: You are partially covered in iridescent
                  | scales. (AC +2) [potion of mutation]
  5899 | D:8      | Gained mutation: You have sharp toenails. [potion of
                  | mutation]
  5899 | D:8      | Gained mutation: You are robust. (+10% HP) [potion of
                  | mutation]
  5899 | D:8      | Slain by a troll

Illustrated notes

Levels and vault maps discovered:
D:1:      erik_arrival_orb_chamber, layout_loops_ring, serial_bayou,
          serial_bayou_shore_b, serial_bayou_shore_b, serial_bayou_pond_a,
          serial_bayou_shore_a, serial_bayou_pond_a
D:2:      layout_rooms
D:3:      layout_loops_ring, serial_shops, shop
D:4:      layout_loops_ring, saegor_snake_ambush
D:5:      layout_rooms, temple_statues, gammafunk_ghost_mausoleum
D:6:      layout_rooms, grunt_gozag_statues, uniq_grinder, uniq_maggie
D:7:      layout_gridville
D:8:      layout_basic, st_stairs_14, hellmonk_guarded_unrand_vines
D:9:      nicolae_whirlpool, layout_cave_pools, grunt_lair_entry_orc_guard_hut
Temple:   regret_index_temple_sigil_plot

Skill      XL: |  1  2  3  4  5  6  7  8  9 |
---------------+----------------------------+-----
Fighting       | 4 6 7 8 10 11 | 11.9
Axes           | 3 4 5 6 8 10 11 | 11.6
Armour         | |  3.6
Shields        | |  3.6

Action                   |  1- 3 |  4- 6 |  7- 9 || total
-------------------------+-------+-------+-------++-------
Melee: War axe           |    83 |   115 |   137 ||   335
       Headbutt          |    10 |    22 |    23 ||    55
 Fire: Hunting sling     |       |     7 |       ||     7
Throw: Stone             |       |     1 |     2 ||     3
       Dart              |       |       |     4 ||     4
Invok: Berserk           |       |       |     1 ||     1
  Use: Potion            |       |     3 |     7 ||    10
       Scroll            |       |     1 |     4 ||     5
Armor: Scale mail        |    39 |    70 |    37 ||   146
       Chain mail        |       |       |    27 ||    27
Dodge: Dodged            |    56 |    50 |    53 ||   159
Block: Buckler           |    23 |    30 |    28 ||    81
